Match 46770000
Unlisted

Match 46770000
End
Kradschützen Motorcycle Team
Panzergrenadier Squad
Panzergrenadier Squad
Construct Light Support Kompanie
Panzergrenadier Squad
Fire Support Elements
Selects Italian Infantry
Flakvierling Half-track
le.IG 18 Mechanized Group
Selects Guastatori Squad
Selects L6/40 Light Tank Combat Group
L6/40 Light Tank Combat Group
2.5-tonne Medical Truck
⁂ | Mad_Korean
vins88
Водитель по Губам
asfgdfgs
Jm200092
WebsterBolek
Faurix
Jaco
0
0

Comments sign in to comment!

No comments posted yet!